 Dungeon Crawl Stone Soup version 0.31-a0-229-g1fc7ce93e2 (webtiles) character file.

Game seed: 11932387255104529157

1593 Newt the Skirmisher (level 9, -5/54 HPs)
             Began as a Kobold Hunter on July 6, 2023.
             Killed from afar by Dowan (15 damage)
             ... with a stone arrow
             ... on level 5 of the Dungeon.
             The game lasted 00:05:21 (6003 turns).

Newt the Skirmisher (Kobold Hunter)                 Turns: 6003, Time: 00:05:24

Health: -5/54      AC:  3    Str:  8    XL:     9   Next: 15%
Magic:  9/9        EV: 18    Int: 11    God:
Gold:   183        SH:  5    Dex: 22    Spells: 8/8 levels left

rFire   . . .        a - +0 shortbow
rCold   . . .        (shield currently unavailable)
rNeg    . . .        c - +0 leather armour
rPois   +            (no helmet)
rElec   .            (no cloak)
rCorr   .            (no gloves)
SInv    .            (no boots)
Will    +....        s - amulet of reflection
Stlth   +++          e - ring of willpower
HPRegen 0.29/turn    i - ring of poison resistance
MPRegen 0.11/turn

%: reflection
@: no status effects
A: small, no large weapons, nightstalker 3
a: no special abilities


You were on level 5 of the Dungeon.
You visited 1 branch of the dungeon, and saw 6 of its levels.

You collected 248 gold pieces.
You spent 65 gold pieces at shops.

Inventory:

Hand Weapons
 a - a +0 shortbow (weapon)
Missiles
 g - a throwing net
Armour
 c - a +0 leather armour (worn)
 t - a +2 kite shield of fire resistance
Jewellery
 e - a ring of willpower (left hand)
 i - a ring of poison resistance (right hand)
 s - an amulet of reflection (around neck)
Wands
 j - a wand of polymorph (20)
 p - a wand of flame (20)
Scrolls
 b - a scroll of butterflies
 f - 2 scrolls of teleportation
 l - a scroll of immolation
 m - a scroll of poison
 n - 2 scrolls of fear
 r - a scroll of identify
Potions
 d - 2 potions of cancellation
 h - 2 potions of degeneration
 k - a potion of might
 o - 3 potions of curing
 q - a potion of mutation
 u - a potion of lignification {unknown}
 x - a potion of heal wounds


   Skills:
 - Level 5.0 Fighting
 + Level 12.7 Ranged Weapons
 - Level 6.0 Dodging
 - Level 1.3 Stealth


You had 8 spell levels left.
You didn't know any spells.
Your spell library was empty.

Dungeon Overview and Level Annotations

Branches:
Dungeon (6/15)
 Temple: D:4-7

Altars:
Dithmenos
Makhleb

Shops:
D:4 *   D:5 !

Annotations:
D:3 1 runed translucent door, Leavold's ghost, weakling DESu
D:5 Dowan


Innate Abilities, Weirdness & Mutations

You are small and have problems with some larger weapons.
You are completely attuned to the shadows.


Message History

You shoot an arrow. The arrow barely misses the ice beast.
You block the ice beast's attack.
You shoot an arrow.
The arrow hits the ice beast but does no damage.
The ice beast is moderately wounded.
You block the ice beast's attack.
You shoot an arrow. The arrow closely misses the ice beast.
You block the ice beast's attack.
You shoot an arrow. The arrow hits the ice beast.
The ice beast is heavily wounded.
You block the ice beast's attack.
You shoot an arrow. The arrow hits the ice beast.
The ice beast is severely wounded.
The ice beast hits you. The ice beast freezes you!
* * * LOW HITPOINT WARNING * * *
You shoot an arrow. The arrow barely misses the ice beast.
The ice beast hits you.
* * * LOW HITPOINT WARNING * * *
The ice beast freezes you.
* * * LOW HITPOINT WARNING * * *
You shoot an arrow. The arrow hits the ice beast!
You kill the ice beast!
You start resting.
Dowan is nearby!
Dowan is nearby!
Dowan is nearby!
Fire: a) +0 shortbow
Press: ? - help, Shift-Dir - straight line, f - Dowan
Aim: Dowan, wielding a +0 dagger and wearing a +0 robe (almost dead, 63% to hit)
You shoot an arrow.
The arrow hits Dowan but does no damage.
Dowan is almost dead.
Dowan seems to find hidden reserves of power!
Fire: a) +0 shortbow
Press: ? - help, Shift-Dir - straight line, f/p - Dowan
Aim: Dowan, wielding a +0 dagger and wearing a +0 robe (almost dead, fast, 63% to hit)
You shoot an arrow. The arrow barely misses Dowan.
Dowan gestures at you while chanting. The stone arrow hits you!
You die...

#........##
..........#
..........##
...........#
....e...... #.
....>.....# #..
..........# ###)..
.........#####.....
........###..)@....
..........†e.###...
.........#### ..
.....#.### .
....##.# #####.##
#e# ## ##.#
.######.##


You could see Dowan (fast).

Vanquished Creatures
  Grinder (D:3)
  Sigmund (D:3)
  Menkaure (D:5)
  Duvessa (D:5)
  An ice beast (D:5)
  3 black bears
  Blork the orc (D:6)
  A scorpion (D:6)
  2 howler monkeys (D:6)
  An orc priest (D:5)
  A jelly (D:5)
  3 hounds
  2 iguanas (D:5)
  Jessica (D:3)
  Natasha (thrice) (D:4)
  A sleepcap (D:5)
  2 adders
  4 gnolls
  An ufetubus (D:6)
  2 worms
  A dart slug (D:2)
  6 orcs
  A ball python (D:2)
  4 endoplasms
  2 giant cockroaches
  8 hobgoblins
  7 jackals
  5 quokkas
  5 bats
  2 frilled lizards
  7 goblins
  8 kobolds
  6 rats
95 creatures vanquished.

Notes
Turn   | Place    | Note
-------+----------+-------------------------------------------
     0 | D:1      | Newt the Kobold Hunter began the quest for the Orb.
     0 | D:1      | Reached XP level 1. HP: 12/12 MP: 1/1
   313 | D:1      | Reached XP level 2. HP: 18/18 MP: 2/2
   816 | D:2      | Reached XP level 3. HP: 16/23 MP: 3/3
  1013 | D:2      | Found a shadowy altar of Dithmenos.
  1104 | D:2      | Reached XP level 4. HP: 28/30 MP: 4/4
  1502 | D:3      | Noticed Sigmund
  1526 | D:3      | Killed Sigmund
  1527 | D:3      | Reached skill level 5 in Fighting
  1527 | D:3      | Reached skill level 7 in Ranged Weapons
  1527 | D:3      | Reached XP level 5. HP: 6/35 MP: 5/5
  1527 | D:3      | Reached XP level 6. HP: 6/40 MP: 6/6
  1697 | D:3      | You fall into a shaft and drop 3 floors!
  1816 | D:6      | Reached skill level 8 in Ranged Weapons
  1885 | D:6      | Noticed a black bear
  1894 | D:6      | HP: 2/40 [black bear (11)]
  1895 | D:6      | Killed a black bear
  1896 | D:6      | Reached skill level 9 in Ranged Weapons
  1896 | D:6      | Reached XP level 7. HP: 2/44 MP: 7/7
  2585 | D:5      | Entered Level 5 of the Dungeon
  2597 | D:5      | Noticed Dowan
  2909 | D:6      | Noticed Blork the orc
  2916 | D:6      | Killed Blork the orc
  2917 | D:6      | Reached skill level 10 in Ranged Weapons
  3640 | D:6      | Reached XP level 8. HP: 20/49 MP: 8/8
  3978 | D:5      | Reached skill level 5 in Dodging
  4350 | D:3      | Noticed Grinder
  4364 | D:3      | Killed Grinder
  4476 | D:3      | Found a runed translucent door.
  4479 | D:3      | Noticed Leavold's ghost (weakling DESu)
  4549 | D:3      | Noticed Jessica
  4560 | D:3      | Killed Jessica
  5039 | D:4      | Noticed Natasha
  5045 | D:4      | Killed Natasha
  5046 | D:4      | Reached skill level 11 in Ranged Weapons
  5056 | D:4      | Noticed Natasha
  5061 | D:4      | Killed Natasha
  5092 | D:4      | Noticed Natasha
  5101 | D:4      | Killed Natasha
  5152 | D:4      | Found a burning altar of Makhleb.
  5217 | D:4      | Found Keaphuda's General Store.
  5760 | D:5      | Noticed Menkaure
  5764 | D:5      | Killed Menkaure
  5901 | D:5      | Found Ipnyemp's Distillery.
  5907 | D:5      | Bought a potion of heal wounds for 65 gold pieces
  5939 | D:5      | Noticed Duvessa
  5953 | D:5      | Reached skill level 12 in Ranged Weapons
  5966 | D:5      | Reached XP level 9. HP: 43/54 MP: 9/9
  5982 | D:5      | Killed Duvessa
  6003 | D:5      | Killed from afar by Dowan

Illustrated notes

Levels and vault maps discovered:
D:1:      ebering_hopf_link, layout_basic, dk_noncrumbling_4,
          kennysheep_another_room, minmay_misc_feat_ornament
D:2:      layout_basic, basic_altar, nicolae_figureground_pulse
D:3:      layout_basic, ebering_ghost_inner_flame, uniq_jessica, uniq_grinder,
          uniq_sigmund
D:4:      layout_loops_ring, nicolae_overflow_crystal_walls, serial_shops, shop,
          uniq_natasha
D:5:      layout_cave_pods, serial_shops, nicolae_shop_just_a_little_nook,
          uniq_duvessa, uniq_menkaure
D:6:      layout_basic, uniq_blork_the_orc

Skill      XL: |  1  2  3  4  5  6  7  8 |
---------------+-------------------------+-----
Fighting       | 3 4 5 |  5.0
Ranged Weapons | 7 9 10 12 | 12.7
Dodging        | 4 6 |  6.0
Stealth        | |  1.3

Action                     |  1- 3 |  4- 6 |  7- 9 || total
---------------------------+-------+-------+-------++-------
   Fire: Shortbow          |    86 |    65 |   266 ||   417
    Use: Scroll            |     4 |     1 |     8 ||    13
         Potion            |       |     3 |     1 ||     4
 Armour: Leather armour    |    10 |     2 |    15 ||    27
  Dodge: Dodged            |    36 |    30 |   132 ||   198
  Block: Other             |       |       |    21 ||    21

Table legend: (Time is in decaauts)
 A = Elapsed time spent in this place.
 B = Non-inter-level travel time spent in this place.
 C = Inter-level travel time spent in this place.
 D = Time resting spent in this place.
 E = Time spent auto-exploring this place.
 F = Levels seen in this place.
 G = Mean time per level.
                   A        B        C        D        E       F      G
               +--------+--------+--------+--------+--------+-----+--------+
         Total |   5990 |   5844 |    146 |   1366 |   3802 |   6 |  998.3 |
       Dungeon |   5990 |   5844 |    146 |   1366 |   3802 |   6 |  998.3 |
               +--------+--------+--------+--------+--------+-----+--------+

Top non-repeatable levels by time:
     D:6: 2114 daAuts
     D:3: 935 daAuts
     D:2: 769 daAuts
     D:4: 755 daAuts
     D:5: 742 daAuts
     D:1: 673 daAuts
